 Dungeon Crawl Stone Soup version 0.29-a0-322-g68df515428 (webtiles) character file.

Game seed: 10411282545401660166

51 wakim the Insei (level 3, -2/24 HPs)
             Began as an Octopode Transmuter on Apr 7, 2022.
             Slain by a gnoll
             ... wielding a +0 halberd
              (16 damage)
             ... on level 3 of the Dungeon.
             The game lasted 00:04:26 (1953 turns).

wakim the Insei (Octopode Transmuter)               Turns: 1953, Time: 00:04:26

Health: -2/24      AC:  1    Str:  9    XL:     3   Next: 81%
Magic:  6/6        EV: 13    Int: 17    God:
Gold:   84         SH:  0    Dex: 12    Spells: 2/6 levels left

rFire   . . .      SeeInvis .   b - +6 dagger of the Solstice {drain, rN+}
rCold   . . .      Faith    .   (no shield)
rNeg    + . .      Spirit   .   (helmet currently unavailable)
rPois   .          Reflect  .   (no amulet)
rElec   .          Harm     .   X - ring of wizardry
rCorr   .          Rampage  .   (no ring)
Will    .....                   (no ring)
Stlth   +++.......              (no ring)
HPRegen 0.08/turn               (no ring)
MPRegen 0.10/turn               (no ring)
                                (no ring)
                                (no ring)

@: appendages (expiring)
A: tentacle spike 3, almost no armour, amphibious, 8 rings, camouflage 1,
gelatinous body 1, (nimble swimmer 1), tentacles
a: End Transformation


You were on level 3 of the Dungeon.
One of your tentacles had grown a beastly spike.
You visited 1 branch of the dungeon, and saw 3 of its levels.

You collected 84 gold pieces.

Inventory:

Hand Weapons
 b - the +6 dagger of the Solstice (weapon) {drain, rN+}
   (You found it on level 2 of the Dungeon)

   A truly terrible weapon, it drains the life of any living foe it strikes.
   rN:        It protects you from negative energy.
Jewellery
 X - a ring of wizardry (left tentacle)
Scrolls
 N - a scroll of holy word {unknown}
 O - a scroll of teleportation {unknown}
 P - 6 scrolls of identify {unknown}
 R - 2 scrolls of fear {unknown}
 S - 2 scrolls of blinking {unknown}
 T - a scroll of vulnerability {unknown}
 Y - a scroll of enchant armour {unknown}
Potions
 L - 2 potions of lignification {!q}
 M - a potion of invisibility {unknown}
 Q - a potion of haste {unknown}
 U - a potion of curing {unknown}
 V - a potion of attraction {unknown}
 W - a potion of cancellation {unknown}


   Skills:
 + Level 1.7 Fighting
 - Level 2.0 Dodging
 * Level 2.9 Stealth
 * Level 3.7 Unarmed Combat
 - Level 2.0 Spellcasting
 - Level 2.0 Transmutations


You had 2 spell levels left.
You knew the following spells:

 Your Spells              Type           Power      Damage    Failure   Level
a - Beastly Appendage     Tmut           16%        N/A       3%          1
x - Spider Form           Tmut/Pois      5%         N/A       16%         3

Your spell library contained the following spells:

 Spells                   Type           Power      Damage    Failure   Level
 Wereblood                Tmut           8%         N/A       5%          2
 Animate Skeleton         Necr           2%         N/A       8%          1
 Apportation              Tloc           2%         N/A       8%          1
 Summon Small Mammal      Summ           4%         N/A       8%          1
 Ozocubu's Armour         Ice            1%         N/A       22%         3
 Portal Projectile        Hex/Tloc       2%         N/A       22%         3
 Ice Form                 Ice/Tmut       5%         N/A       43%         4
 Blade Hands              Tmut           4%         N/A       65%         5
 Excruciating Wounds      Necr           0%         N/A       88%         5
 Ozocubu's Refrigeration  Ice            0%         4d5       100%        7


Dungeon Overview and Level Annotations

Branches:
Dungeon (3/15)

Altars:


Innate Abilities, Weirdness & Mutations

One of your tentacles has grown a beastly spike.
You cannot wear most types of armour.
You are amphibious.
You can wear up to eight rings at the same time.
Your skin changes colour to match your surroundings (Stealth+).
Your rubbery body absorbs attacks. (AC +1, EV +1)
((You are camouflaged when in or above water. (Stealth+)))
You have tentacles for arms and can constrict up to eight enemies at once.


Message History

The gnoll is almost dead.
You constrict the gnoll, but do no damage.
The gnoll closely misses you.
You hit the gnoll.
You pierce the gnoll.
You kill the gnoll!
Your transformation is almost over.
Magic restored.
A gnoll comes into view. It is wielding a +0 spear.
The gnoll shouts!
Things that are here:
a +0 club; a gnoll corpse; 24/24 (+1)
Casting: Beastly Appendage (safe; 3% risk of failure)
Confirm with . or Enter, or press ? or * to list all spells.
You extend your transformation's duration.
A gnoll shaman comes into view. It is wielding a +0 whip.
The gnoll shaman shouts!
The gnoll hits you from afar with a +0 spear. 23/24 (-1)
A gnoll comes into view. It is wielding a +0 halberd.
The gnoll hits you from afar with a +0 spear.
The gnoll completely misses you.
Things that are here:
a +0 club; a gnoll corpse; 22/24 (-1)
You hit the gnoll but do no damage. You grab the gnoll.
You pierce the gnoll.
The gnoll is heavily wounded.
You constrict the gnoll. The gnoll misses you. x2
You hit the gnoll.
You pierce the gnoll, but do no damage.
You squeeze the gnoll, but do no damage.
The gnoll is severely wounded.
You constrict the gnoll, but do no damage.
The gnoll completely misses you.
The gnoll hits you with a +0 spear! 14/24 (-8)
You release your grip on the gnoll.
The gnoll shaman calls upon its god to speed up the gnoll.
The gnoll seems to speed up.
The gnoll misses you.
Your transformation is almost over.
There is a stone staircase leading up here.
The gnoll hits you from afar with a +0 halberd!
Ouch! That really hurt!
You die...

..#####.......####
#+##.#...........#
#..#.#.##.#'####.#
#.#.#.##g#.# .#
#...#.##g#.### #
#....†.#....g#
#......###g#.##.###
#..................
#...†......@###....
#..>..........+ .
#......########
########


You could see a gnoll shaman and 3 gnolls.

Vanquished Creatures
  A gnoll (D:3)
  A worm (D:2)
  3 endoplasms (D:2)
  A giant cockroach (D:3)
  5 goblins
  8 hobgoblins
  2 ball pythons
  3 bats
  2 frilled lizards (D:1)
  6 kobolds
  4 rats
36 creatures vanquished.

Notes
Turn   | Place    | Note
-------+----------+-------------------------------------------
     0 | D:1      | wakim the Octopode Transmuter began the quest for the Orb.
     0 | D:1      | Reached XP level 1. HP: 13/13 MP: 3/3
   126 | D:1      | Reached skill level 1 in Stealth
   220 | D:1      | Reached XP level 2. HP: 17/18 MP: 5/5
   937 | D:2      | Reached XP level 3. HP: 4/23 MP: 4/6
  1267 | D:2      | Found a faded altar of an unknown god.
  1356 | D:2      | Identified the +6 dagger of the Solstice {drain, rN+}
  1358 | D:2      | !bestwep
  1545 | D:2      | Learned a level 3 spell: Spider Form
  1953 | D:3      | Slain by a gnoll

Illustrated notes

#..............#
#..............#
#..............#
#..............#
#..............#
#..............####
#.................#
#.................#
#............@....#
###################


Turn 1358 on D:2: !bestwep

Levels and vault maps discovered:
D:1:      psy_arrival_basics, layout_basic, minmay_tromino_i4
D:2:      layout_basic, hellmonk_ecumenical_altar_zigzags, minmay_unequal
D:3:      minmay_chambers_of_threes, layout_basic, mainiacjoe_overflow_alcove_1,
          uniq_sigmund

Skill      XL: |  1  2 |
---------------+-------+-----
Stealth        | 1 2 |  2.9
Fighting       | |  1.7
Dodging        | |  2.0
Unarmed Combat | |  3.7
Spellcasting   | |  2.0
Transmutations | |  2.0

Action                   || total
-------------------------++-------
Melee: Unarmed           ||    42
       Kick              ||    24
       Constrict         ||    20
       Tentacles         ||     7
       Dagger            ||    19
       Punch             ||     1
 Cast: Beastly Appendage ||    30
 Stab: Sleeping          ||    12
Armor: Skin              ||     5
Dodge: Dodged            ||    23

Table legend: (Time is in decaauts)
 A = Elapsed time spent in this place.
 B = Non-inter-level travel time spent in this place.
 C = Inter-level travel time spent in this place.
 D = Time resting spent in this place.
 E = Time spent auto-exploring this place.
 F = Levels seen in this place.
 G = Mean time per level.
                   A        B        C        D        E       F      G
               +--------+--------+--------+--------+--------+-----+--------+
         Total |   1949 |   1916 |     33 |      0 |   1596 |   3 |  649.7 |
       Dungeon |   1949 |   1916 |     33 |      0 |   1596 |   3 |  649.7 |
               +--------+--------+--------+--------+--------+-----+--------+

Top non-repeatable levels by time:
     D:2: 987 daAuts
     D:1: 851 daAuts
     D:3: 110 daAuts
